 Dungeon Crawl Stone Soup version 0.31.0-11-ge490571c62 (webtiles) character file.

Game seed: 2018557878275917495

9907 Ijustatesigmund the Basher (level 11, -4/73 HPs)
             Began as a Gargoyle Monk on Feb 7, 2024.
             Was an Elder of Vehumet.
             Slain by a warg (9 damage)
             ... on level 9 of the Dungeon.
             The game lasted 00:19:37 (9693 turns).

Ijustatesigmund the Basher (Gargoyle Monk)          Turns: 9693, Time: 00:19:38

Health: -4/73      AC: 20    Str: 16    XL:     11   Next: 53%
Magic:  26/26      EV: 12    Int: 14    God:    Vehumet [****..]
Gold:   302        SH:  0    Dex: 12    Spells: 12/18 levels left

rFire   . . .        a - +3 flail (drain)
rCold   . . .        (no shield)
rNeg    + . .        b - +3 leather armour
rPois   ∞            d - +1 helmet
rElec   +            (no cloak)
rCorr   .            p - +0 pair of gloves
SInv    .            n - +1 pair of boots
Will    .....        (no amulet)
Stlth   +            l - ring of magical power
HPRegen 0.32/turn    (no ring)
MPRegen 0.20/turn

%: no passive effects
@: no status effects
A: sickness immunity, AC +8, negative energy resistance 1, electricity
resistance, torment resistance 1, petrification resistance
a: Renounce Religion


You were on level 9 of the Dungeon.
You worshipped Vehumet.
Vehumet was greatly pleased with you.
You visited 2 branches of the dungeon, and saw 11 of its levels.

You collected 497 gold pieces.
You spent 195 gold pieces at shops.

Inventory:

Hand Weapons
 a - a +3 flail of draining (weapon)
 i - the +7 spear "Pyupp" {antimagic, rPois rF+ rN+ Str+5 SInv}
   (You found it on level 2 of the Dungeon)

   Str+5:     It affects your strength (+5).
   rF+:       It protects you from fire.
   rPois:     It protects you from poison rN+: It protects you from negative
   energy.
   SInv:      It lets you see invisible.
Missiles
 u - a throwing net (quivered)
Armour
 b - a +3 leather armour (worn)
 d - a +1 helmet (worn)
 n - a +1 pair of boots (worn)
 p - a +0 pair of gloves (worn)
Jewellery
 l - a ring of magical power (left hand)
Wands
 o - a wand of charming (24)
 w - a wand of flame (34)
Scrolls
 e - a scroll of vulnerability {unknown}
 g - a scroll of immolation
 j - 2 scrolls of teleportation
 q - a scroll of poison
 r - a scroll of enchant weapon {unknown}
 t - a scroll of revelation {unknown}
 x - 3 scrolls of identify
 y - 2 scrolls of enchant armour
 z - a scroll of fear {unknown}
 A - a scroll of fog {unknown}
 B - a scroll of silence
Potions
 c - a potion of ambrosia
 f - 2 potions of brilliance
 h - a potion of heal wounds
 k - a potion of resistance
 m - 2 potions of mutation
 v - a potion of cancellation


   Skills:
 - Level 10.6 Fighting
 - Level 11.1 Maces & Flails
 - Level 5.0 Armour
 - Level 2.4 Dodging
 + Level 4.1 Spellcasting
 + Level 4.9 Conjurations
 + Level 4.4 Fire Magic
 - Level 5.0 Evocations


You had 12 spell levels left.
You knew the following spells:

 Your Spells              Type           Power      Damage    Failure   Level
a - Foxfire               Conj/Fire      64%        2x1d7     1%          1
b - Fireball              Conj/Fire      8%         3d6       24%         5

Your spell library contained the following spells:

 Spells                   Type           Power      Damage    Failure   Level
 Lee's Rapid Deconstruct  Erth           1%         3d4*      80%         5
 Momentum Strike          Conj/Tloc      18%        3d8       3%          2
 Frozen Ramparts          Ice            4%         1d1       17%         3
 Ignite Poison            Fire/Alch      9%         N/A       22%         4
 Blink                    Tloc           4%         N/A       34%         2
 Ensorcelled Hibernation  Hex/Ice        4%         N/A       34%         2
 Lesser Beckoning         Tloc           4%         N/A       34%         2
 Freezing Cloud           Conj/Ice/Air   3%         6-21      58%         5
 Starburst                Conj/Fire      8%         6d4       75%         6
 Animate Dead             Necr           2%         N/A       92%         4
 Leda's Liquefaction      Alch/Erth      1%         N/A       92%         4
 Petrify                  Alch/Erth      2%         N/A       92%         4
 Plasma Beam              Fire/Air       4%         2x1d14    96%         6
 Alistair's Intoxication  Alch           1%         N/A       99%         5
 Borgnjor's Vile Clutch   Necr/Erth      1%         N/A       99%         5
 Metabolic Englaciation   Hex/Ice        1%         N/A       99%         5
 Death Channel            Necr           1%         N/A       100%        6
 Eringya's Noxious Bog    Alch           1%         4d6       100%        6
 Haunt                    Necr/Summ      1%         N/A       100%        7
 Infestation              Necr           1%         N/A       100%        8
 Cigotuvi's Dreadful Rot  Necr/Alch/Air  Unusable   N/A       N/A         2

Dungeon Overview and Level Annotations

Branches:
Dungeon (10/15)            Temple (1/1) D:5
   Lair: D:8-11         Orc: D:9-12

Altars:
Ashenzari
Cheibriados
Elyvilon
Fedhas
Gozag
Hepliaklqana
Kikubaaqudgha
Makhleb
Nemelex Xobeh
Okawaru
Qazlal
Ru
Sif Muna
Trog
Uskayaw
Vehumet
Wu Jian
Xom
Yredelemnul
Zin
The Shining One

Shops:
D:1 ([(=(


Innate Abilities, Weirdness & Mutations

You are immune to sickness and miasma.
Your stone body is resilient. (AC +8)
You are immune to poison.
You resist negative energy. (rN+)
You are resistant to electric shocks. (rElec)
You are resistant to unholy torment.
You are immune to petrification.


Message History

You are too injured to fight recklessly!
You are too injured to fight recklessly!
You are too injured to fight recklessly!
You are too injured to fight recklessly!
You are too injured to fight recklessly!
You are too injured to fight recklessly!
You are too injured to fight recklessly!
You are too injured to fight recklessly!
You are too injured to fight recklessly!
You are too injured to fight recklessly!
You closely miss the warg. The warg bites you.
You closely miss the warg. The warg bites you!
* * * LOW HITPOINT WARNING * * *
You sock the warg! You drain the warg.
The warg is moderately wounded.
The warg bites you but does no damage. The warg bites you!
* * * LOW HITPOINT WARNING * * *
You barely miss the warg.
The warg is moderately wounded.
The warg bites you but does no damage.
You sock the warg!
The warg is heavily wounded.
The warg bites you.
* * * LOW HITPOINT WARNING * * *
You barely miss the warg.
The warg is heavily wounded.
The warg bites you but does no damage.
You closely miss the warg.
The warg is heavily wounded.
The warg barely misses you. The warg bites you but does no damage.
You closely miss the warg.
The warg is heavily wounded.
The warg closely misses you.
You barely miss the warg.
The warg is heavily wounded.
The warg bites you but does no damage.
You sock the warg!
The warg is severely wounded.
The warg bites you but does no damage. The warg bites you!
You die...

##...###....## #...####.....
#............###### ##..##.......
##...##.......##..###..(###(.....
#............#...#.#...().(.....
##...#..................(.......
#####....................(.....
###.............##.........
#............###......... ###
###.....@...## #....####.
##.###........h...###....###..
##...##.............#..........
#..#..#.........#.....(.....###
#..#..##..<........##........##
#....###...)......####........#
###..####........#####........##
##.....#..........##...........##
#.......................#....#..#


You could see a warg (drained).

Vanquished Creatures
  Pikel (D:4)
  A wolf spider zombie (D:9)
  2 centaur zombies (D:9)
  2 centaur skeletons (D:9)
  A troll (D:8)
  A hellwing (D:8)
  Grinder (D:5)
  A meliai zombie (D:9)
  Eustachio (D:4)
  9 yaks
  A warg (D:9)
  A steam dragon (D:8)
  3 water moccasins
  A black bear (D:7)
  6 orc warriors
  2 ice beasts
  2 sky beasts (D:6)
  4 ogres
  3 centaurs
  3 phantoms (D:5)
  Blork the orc (D:6)
  3 kobold brigands
  3 bullfrogs
  A gnoll sergeant (D:7)
  3 scorpions
  2 water moccasin zombies (D:4)
  9 wights
  10 killer bees
  2 bombardier beetles (D:5)
  10 hounds
  4 jellies
  A gnoll bouda (D:5)
  4 orc priests
  5 iguanas
  3 sleepcaps
  9 orc wizards
  2 hound zombies (D:4)
  2 hound skeletons (D:4)
  5 gnolls
  9 adders
  5 shadow imps
  2 white imps
  7 ufetubi
  2 adder zombies (D:4)
  2 ribbon worms
  2 dart slugs
  42 orcs
  6 endoplasms
  2 giant cockroaches
  8 goblins
  11 hobgoblins
  4 quokkas
  9 ball pythons
  7 bats
  A frilled lizard (D:3)
  27 kobolds
  5 rats
276 creatures vanquished.

Vanquished Creatures (others)
  A quokka (D:5)
  57 foxfires (D:9)
58 creatures vanquished.

Grand Total: 334 creatures vanquished

Notes
Turn   | Place    | Note
-------+----------+-------------------------------------------
     0 | D:1      | Ijustatesigmund the Gargoyle Monk began the quest for the
                  | Orb.
     0 | D:1      | Reached XP level 1. HP: 14/14 MP: 1/1
   133 | D:1      | Reached XP level 2. HP: 16/19 MP: 2/2
   156 | D:1      | Found Zasaumyg's Armour Boutique.
   219 | D:1      | Found Zaimmyb's Jewellery Boutique.
   254 | D:1      | Found Xafe's Antique Weapon Shoppe.
   389 | D:1      | Found Ugruthrot's Antique Weapon Shop.
   513 | D:1      | Found Pozxynei's Weapon Shoppe.
   513 | D:1      | Noticed a +0 demon blade
   515 | D:1      | Noticed a +0 great mace
   525 | D:1      | Reached XP level 3. HP: 20/24 MP: 3/3
   760 | D:2      | Reached skill level 4 in Maces & Flails
   778 | D:2      | Identified the +7 spear "Pyupp" {antimagic, rPois rF+ rN+
                  | Str+5 SInv}
  1060 | D:2      | Reached XP level 4. HP: 29/29 MP: 1/4
  1709 | D:3      | Reached XP level 5. HP: 22/34 MP: 1/5
  1721 | D:3      | Reached skill level 5 in Maces & Flails
  1891 | D:3      | Found a faded altar of an unknown god.
  2042 | D:4      | Got the Commentary on Bewitching Incandescence
  2064 | D:4      | Reached skill level 5 in Fighting
  2064 | D:4      | Reached XP level 6. HP: 25/40 MP: 2/6
  2145 | D:4      | Reached skill level 6 in Maces & Flails
  2259 | D:4      | Found a stormy altar of Qazlal.
  2506 | D:4      | Noticed Eustachio
  2513 | D:4      | Killed Eustachio
  2514 | D:4      | Reached XP level 7. HP: 39/45 MP: 2/7
  2547 | D:4      | Noticed Pikel
  2581 | D:4      | Killed Pikel
  2582 | D:4      | Reached skill level 8 in Maces & Flails
  2582 | D:4      | Reached XP level 8. HP: 9/52 MP: 2/8
  2939 | D:5      | Entered Level 5 of the Dungeon
  2983 | D:5      | Found a white marble altar of Elyvilon.
  3058 | D:5      | Reached skill level 1 in Evocations
  3259 | D:5      | Reached skill level 9 in Maces & Flails
  3259 | D:5      | Reached XP level 9. HP: 59/59 MP: 3/9
  3451 | D:1      | Bought a runed flail for 195 gold pieces
  3857 | D:5      | Noticed Grinder
  3866 | D:5      | Paralysed by Grinder for 4 turns
  3879 | D:5      | Killed Grinder
  4065 | D:5      | Found a staircase to the Ecumenical Temple.
  4074 | Temple   | Entered the Ecumenical Temple
  4133 | D:5      | Found a blossoming altar of Fedhas.
  5364 | D:6      | Reached skill level 10 in Maces & Flails
  5384 | D:6      | Found a shimmering blue altar of Sif Muna.
  5402 | D:6      | Reached skill level 5 in Evocations
  5419 | D:6      | Noticed Blork the orc
  5420 | D:6      | Found an ornate altar of the Wu Jian Council.
  5428 | D:6      | Killed Blork the orc
  5429 | D:6      | Reached XP level 10. HP: 56/66 MP: 10/10
  5705 | D:7      | Reached skill level 1 in Armour
  5811 | D:7      | Found a sacrificial altar of Ru.
  6359 | D:7      | Found a radiant altar of Vehumet.
  6360 | D:7      | Found a hazy altar of Hepliaklqana.
  6365 | D:7      | Became a worshipper of Vehumet
  6365 | D:7      | Reached * piety under Vehumet
  6365 | D:7      | Offered knowledge of Foxfire by Vehumet.
  6365 | D:7      | Reached ** piety under Vehumet
  6368 | D:7      | Learned a level 1 spell: Foxfire
  6404 | D:7      | Offered knowledge of Shock by Vehumet.
  6491 | D:7      | Reached skill level 10 in Fighting
  6856 | D:8      | Reached skill level 1 in Conjurations
  6862 | D:8      | Reached skill level 1 in Fire Magic
  6932 | D:8      | Reached skill level 1 in Spellcasting
  7478 | D:8      | Offered knowledge of Dazzling Flash by Vehumet.
  7600 | D:8      | Reached *** piety under Vehumet
  8113 | D:8      | Reached XP level 11. HP: 14/73 MP: 14/14
  8368 | D:8      | Reached skill level 11 in Maces & Flails
  8419 | D:8      | Offered knowledge of Flame Wave by Vehumet.
  8760 | D:9      | Reached skill level 5 in Armour
  8768 | D:9      | Learned a level 5 spell: Fireball
  9070 | D:9      | Reached **** piety under Vehumet
  9442 | D:9      | Offered knowledge of Lee's Rapid Deconstruction by Vehumet.
  9656 | D:10     | Entered Level 10 of the Dungeon
  9693 | D:9      | Slain by a warg

Illustrated notes

Levels and vault maps discovered:
D:1:      dpeg_arrival_rooms_c, layout_loops_ring, serial_shops, shop, shop,
          nicolae_shop_just_a_little_nook, nicolae_shop_mannequins,
          nicolae_shop_real_fake_doors
D:2:      layout_loops_ring
D:3:      layout_basic, dreamdust_ecumenical_altar_grove
D:4:      layout_cave_pools, grunt_qazlal_clouds, serial_undead,
          serial_undead_b, serial_undead_b, serial_undead_a, serial_undead_a,
          serial_undead_e, serial_undead_f, amcnicky_mini_rare_corridor_liquid,
          st_stairs_4, uniq_eustachio, uniq_pikel
D:5:      layout_basic, fedhas_bush_and_centaur_altar, elyvilon_altar_4,
          lemuel_temple_firewalk_b, minmay_joined_circles, uniq_grinder
D:6:      layout_basic, mainiacjoe_overflow_chevrons, kennysheep_orc_sif_temple,
          chequers_serial_rivers_micro_d, bh_walls_and_bars, uniq_blork_the_orc
D:7:      layout_cave_pods, mainiacjoe_overflow_small_starburst,
          chequers_temple_overflow_statue_of_worship, minmay_circle_x
D:8:      layout_rooms, special_room [special_room_orc]
D:9:      cheibrodos_grave_circle, layout_cave_pools,
          hangedman_abyss_or_decor_clamps
D:10:     layout_long_grid, mainiacjoe_overflow_surrounded_room, erik_orc_4,
          nicolae_trove_entry_isolated, minmay_orc_keep
Temple:   nicolae_temple_bog_church

Skill      XL: |  1  2  3  4  5  6  7  8  9 10 11 |
---------------+----------------------------------+-----
Maces & Flails | 4 5 6 8 9 10 11 | 11.1
Fighting       | 4 5 6 7 9 10 | 10.6
Evocations     | 2 5 |  5.0
Armour         | 4 5 |  5.0
Conjurations   | 3 4 |  4.9
Fire Magic     | 2 4 |  4.4
Spellcasting   | 2 4 |  4.1
Dodging        | |  2.4

Action                     |  1- 3 |  4- 6 |  7- 9 | 10-12 || total
---------------------------+-------+-------+-------+-------++-------
  Melee: Mace              |    75 |       |       |       ||    75
         Spear             |    12 |   133 |   139 |       ||   284
         Punch             |       |       |     6 |    15 ||    21
         Flail             |       |       |   156 |   513 ||   669
   Cast: Foxfire           |       |       |       |    32 ||    32
    Use: Scroll            |       |     2 |     5 |     8 ||    15
         Potion            |       |       |     4 |     4 ||     8
   Stab: Sleeping          |     7 |     3 |       |       ||    10
 Armour: Robe              |    43 |    61 |   217 |    21 ||   342
         Leather armour    |       |       |       |   539 ||   539
  Dodge: Dodged            |    54 |    58 |   187 |   417 ||   716
